 Dungeon Crawl Stone Soup version 0.25.1-2-g60ff931df9 (webtiles) character file.

Game seed: 6602155660583538359

10761 pokeman the Thaumaturge (level 11, -5/61 HPs)
             Began as a Deep Elf Wizard on Nov 26, 2020.
             Was a Priest of Vehumet.
             Killed by divine providence
             ... invoked by an orc priest
              (16 damage)
             ... on level 11 of the Dungeon on Nov 27, 2020.
             The game lasted 00:40:38 (13091 turns).

pokeman the Thaumaturge (Deep Elf Wizard)          Turns: 13091, Time: 00:40:39

Health: -5/61      AC:  9    Str:  9    XL:     11   Next: 40%
Magic:  3/31       EV: 12    Int: 27    God:    Vehumet [***...]
Gold:   571        SH:  5    Dex: 13    Spells: 17/39 levels left

rFire    . . .     SeeInvis .   Q - +7 trident "Tumeorgh" {holy, Str+5}
rCold    . . .     Gourm    .   (no shield)
rNeg     . . .     Faith    .   u - +0 leather armour
rPois    .         Spirit   .   b - +0 hat
rElec    .         Reflect  +   D - +1 cloak
rCorr    .         Harm     .   (no gloves)
MR       +....                  (no boots)
Stlth    ++........             Z - amulet of reflection
HPRegen  0.20/turn              n - +4 ring of protection
MPRegen  0.22/turn              R - ring of wizardry

@: about to teleport, slowed, very slow
A: no striking features
a: Renounce Religion


You were on level 11 of the Dungeon.
You worshipped Vehumet.
Vehumet was most pleased with you.
You were hungry.

You visited 2 branches of the dungeon, and saw 12 of its levels.

You collected 571 gold pieces.

Inventory:

Hand Weapons
 o - a +3 shortbow of freezing
 v - a +0 shortbow
 Q - the +7 trident "Tumeorgh" (weapon) {holy, Str+5}
   (You found it on level 7 of the Dungeon)

   It has been blessed by the Shining One to cause great damage to the undead
   and demons.
   It affects your strength (+5).
Missiles
 k - 70 bolts
 w - 147 arrows
Armour
 b - a +0 hat (worn)
 u - a +0 leather armour (worn)
 D - a +1 cloak (worn)
Jewellery
 a - an uncursed ring of protection from fire
 j - an uncursed ring of fire {unknown}
 l - a +6 ring of strength
 n - a +4 ring of protection (left hand)
 R - a ring of wizardry (right hand)
 Z - an amulet of reflection (around neck)
Wands
 m - a wand of random effects (18)
 A - a wand of digging (3)
Scrolls
 h - a scroll of blinking
 i - 3 scrolls of teleportation
 r - 3 scrolls of magic mapping
 I - 2 scrolls of remove curse
 P - a scroll of fog {unknown}
 S - a scroll of immolation {unknown}
 T - a scroll of holy word {unknown}
Potions
 c - 8 potions of curing
 e - a potion of lignification
 f - a potion of heal wounds
 t - 2 potions of magic {unknown}
 B - 3 potions of might {unknown}
 E - a potion of resistance {unknown}
 F - 4 potions of haste {unknown}
Comestibles
 d - 25 rations


   Skills:
 - Level 4.0 Fighting
 + Level 4.5 Armour
 - Level 3.0 Dodging
 - Level 3.4 Stealth
 * Level 14.8 Spellcasting
 + Level 9.0 Conjurations
 - Level 1.1 Summonings
 - Level 1.1 Translocations
 + Level 8.4 Fire Magic
 - Level 1.0 Air Magic
 - Level 1.0 Poison Magic
 - Level 2.0 Evocations


You had 17 spell levels left.
You knew the following spells:

 Your Spells              Type           Power        Failure   Level  Hunger
a - Magic Dart            Conj           ####         1%          1    None
b - Mephitic Cloud        Conj/Pois/Air  #####...     1%          3    None
c - Call Imp              Summ           ####....     1%          2    None
d - Blink                 Tloc           N/A          1%          2    None
e - Conjure Flame         Conj/Fire      ######..     1%          3    None
f - Shock                 Conj/Air       ####         1%          1    None
g - Foxfire               Conj/Fire      ####         1%          1    None
h - Fireball              Conj/Fire      ######....   1%          5    None
i - Stone Arrow           Conj/Erth      #####.       1%          3    None
j - Apportation           Tloc           ####..       1%          1    None

Your spell library contained the following spells:

 Spells                   Type           Power        Failure   Level  Hunger
 Ignite Poison            Fire/Tmut/Pois #####...     1%          3    None
 Animate Skeleton         Necr           N/A          1%          1    None
 Beastly Appendage        Tmut           ###...       1%          1    None
 Corona                   Hex            ###....      1%          1    None
 Summon Small Mammal      Summ           ####         1%          1    None
 Inner Flame              Hex/Fire       #####...     1%          3    None
 Sticky Flame             Conj/Fire      ######..     1%          4    None
 Slow                     Hex            ###.....     2%          2    None
 Sticks to Snakes         Tmut           ###.....     2%          2    None
 Spider Form              Tmut/Pois      ###.......   3%          3    None
 Ice Form                 Ice/Tmut       ###.....     14%         4    None
 Blade Hands              Tmut           ###.......   36%         5    None


Dungeon Overview and Level Annotations

Branches:
Dungeon (11/15)            Temple (1/1) D:6            Lair (0/6) D:11
    Orc: D:9-12

Altars:
Ashenzari
Cheibriados
Dithmenos
Elyvilon
Gozag
Hepliaklqana
Kikubaaqudgha
Makhleb
Nemelex Xobeh
Okawaru
Qazlal
Ru
Sif Muna
Uskayaw
Vehumet
Wu Jian
Xom
Yredelemnul
The Shining One

Annotations:
D:9 exclusion: orange crystal statue


Message History

Unknown command.
You feel better. The hornet closely misses you. The orc barely misses you.
The vampire hits you!
The vampire bites you but does no damage.
You block the hornet's attack. The orc closely misses you.
Evoke which item? (* to show all) (? for menu, Esc to quit)
Okay, then.
Unknown command.
As you read the scroll of teleportation, it crumbles to dust.
You feel strangely unstable. The hornet misses you.
The orc priest closely misses you.
The vampire is infused with unholy energy.
* * * LOW HITPOINT WARNING * * *
The vampire draws life force from you and is healed!
The hornet closely misses you. You block the orc's attack.
You block the vampire's attack.
The vampire bites you but does no damage.
The orc priest mumbles some strange prayers to Beogh against you.
Beogh smites you!
You die...

.....####### .
...........#######...(
......................
..........o..)).......
......................
........h)............
#.....<..............
#.......oyV..........
..#..#####.@o.........#
...#.. #............#
...'.)# #.........
...#..# #.........
..'..#####.........
#........>.......
#....<...........
#................
#....#########


You could see a hornet, a vampire, an orc warrior (confused), a hound
(confused), an orc priest and an orc.

Vanquished Creatures
  3 two-headed ogres
  A troll (D:11)
  5 slime creatures (D:8)
  2 hornets (D:10)
  A hippogriff (D:11)
  A wraith (D:11)
  19 yaks
  3 wyverns
  3 orc warriors
  2 ice beasts
  A hornet zombie (D:8)
  The ghost of Fortress the Slasher, an amateur NaWr (D:3)
  A black bear (D:9)
  6 ogres
  2 phantoms
  A wolf (D:11)
  4 centaurs
  Blork the orc (D:5)
  5 bullfrogs
  3 scorpions
  2 killer bees (D:10)
  4 wights (D:8)
  3 bullfrog zombies
  2 lava snakes (D:9)
  6 crimson imps
  2 quasits
  An orc priest (D:8)
  8 hounds
  2 jellies
  5 orc wizards
  A centaur skeleton (D:7)
  Crazy Yiuf (D:4)
  3 bullfrog skeletons
  Ijyb (D:4)
  3 iguanas
  2 worker ants (D:8)
  A hound zombie (D:9)
  2 hound skeletons
  A worker ant zombie (D:10)
  A howler monkey skeleton (D:8)
  11 adders
  2 oozes
  An adder zombie (D:5)
  An adder skeleton (D:6)
  4 worms
  2 dart slugs
  4 leopard geckos
  15 orcs
  2 ball pythons (D:3)
  6 bats
  5 giant cockroaches
  2 gnoll zombies (D:6)
  6 goblins
  3 hobgoblins (D:2)
  6 jackals
  7 quokkas
  A ball python zombie (D:5)
  6 frilled lizards
  10 kobolds
  A quokka zombie (D:6)
  5 rats
  A foxfire (D:8)
217 creatures vanquished.

Vanquished Creatures (others)
  A jelly (D:8)
  165 foxfires
166 creatures vanquished.

Grand Total: 383 creatures vanquished

Notes
Turn   | Place    | Note
-------+----------+-------------------------------------------
     0 | D:1      | pokeman the Deep Elf Wizard began the quest for the Orb.
     0 | D:1      | Reached XP level 1. HP: 10/10 MP: 7/7
   370 | D:1      | Reached XP level 2. HP: 15/15 MP: 7/9
   756 | D:2      | Reached skill level 5 in Spellcasting
   756 | D:2      | Reached XP level 3. HP: 13/20 MP: 2/11
   761 | D:2      | Learned a level 3 spell: Mephitic Cloud
   764 | D:2      | Learned a level 2 spell: Call Imp
   767 | D:2      | Learned a level 2 spell: Blink
   771 | D:2      | Learned a level 3 spell: Conjure Flame
  1068 | D:2      | Found an opulent altar of Gozag.
  1195 | D:2      | Reached skill level 1 in Fighting
  1306 | D:2      | Reached skill level 1 in Armour
  1528 | D:2      | Reached XP level 4. HP: 25/25 MP: 5/13
  2027 | D:3      | Found an iron altar of Okawaru.
  2205 | D:3      | Reached skill level 1 in Poison Magic
  2303 | D:3      | Reached skill level 6 in Spellcasting
  2435 | D:3      | Noticed a centaur
  2448 | D:3      | Killed a centaur
  2448 | D:3      | Reached skill level 1 in Air Magic
  2448 | D:3      | Reached XP level 5. HP: 22/29 MP: 3/15
  2980 | D:3      | Found a runed translucent door.
  2980 | D:3      | Noticed Fortress's ghost (amateur NaWr)
  3190 | D:3      | Killed Fortress's ghost
  3190 | D:3      | Reached XP level 6. HP: 24/34 MP: 3/17
  3441 | D:4      | Noticed Ijyb
  3464 | D:4      | Killed Ijyb
  3464 | D:4      | Reached skill level 1 in Fire Magic
  3547 | D:4      | Found a sacrificial altar of Ru.
  3606 | D:4      | Reached skill level 7 in Spellcasting
  3690 | D:4      | Found a runed translucent door.
  3691 | D:4      | Noticed Crazy Yiuf
  3700 | D:4      | Killed Crazy Yiuf
  3700 | D:4      | Reached skill level 1 in Evocations
  3849 | D:4      | You fall into a shaft and drop 2 floors!
  3856 | D:6      | Reached XP level 7. HP: 30/38 MP: 13/20
  4038 | D:6      | Got a fading great sword
  4099 | D:6      | Found a staircase to the Ecumenical Temple.
  4112 | Temple   | Entered the Ecumenical Temple
  4121 | Temple   | Reached skill level 8 in Spellcasting
  4420 | Temple   | Became a worshipper of Vehumet
  4499 | D:6      | Found an opulent altar of Gozag.
  4606 | D:6      | Found a shimmering blue altar of Sif Muna.
  4631 | D:6      | Identified Sif Muna's Guide on Lightness
  4635 | D:6      | Learned a level 1 spell: Shock
  4747 | D:5      | Entered Level 5 of the Dungeon
  4900 | D:5      | Found a hide-covered altar of Uskayaw.
  4942 | D:5      | Noticed Blork the orc
  4963 | D:5      | Killed Blork the orc
  5141 | D:5      | Reached XP level 8. HP: 38/44 MP: 11/22
  5159 | D:5      | Reached * piety under Vehumet
  5159 | D:5      | Offered knowledge of Foxfire by Vehumet.
  5162 | D:5      | Learned a level 1 spell: Foxfire
  5283 | D:5      | Reached skill level 9 in Spellcasting
  5471 | D:5      | Found a stormy altar of Qazlal.
  5764 | D:5      | Got a crude brass amulet
  5765 | D:5      | Identified the amulet "Aremuupt" {Inacc rElec rF+ Str+2
                  | Dex+3} (You found it on level 5 of the Dungeon)
  6218 | D:6      | Reached skill level 5 in Conjurations
  6328 | D:6      | Found a basalt altar of Yredelemnul.
  7030 | D:7      | Reached skill level 10 in Spellcasting
  7133 | D:7      | Got a transparent trident
  7577 | D:7      | Learned a level 5 spell: Fireball
  7749 | D:8      | Noticed a slime creature
  7750 | D:8      | Noticed a slime creature
  7753 | D:8      | Noticed a slime creature
  7762 | D:8      | Killed a slime creature
  7762 | D:8      | Reached XP level 9. HP: 48/48 MP: 11/25
  7765 | D:8      | Reached skill level 5 in Fire Magic
  7768 | D:8      | Reached skill level 11 in Spellcasting
  7905 | D:8      | Noticed a two-headed ogre
  8434 | D:8      | Found a white marble altar of Elyvilon.
  8569 | D:8      | Reached skill level 12 in Spellcasting
  8755 | D:8      | Killed a two-headed ogre
  8755 | D:8      | Reached XP level 10. HP: 56/56 MP: 8/28
  8883 | D:8      | Reached ** piety under Vehumet
  9104 | D:8      | Offered knowledge of Sandblast by Vehumet.
  9494 | D:8      | Identified the +7 trident "Tumeorgh" {holy, Str+5} (You
                  | found it on level 7 of the Dungeon)
  9495 | D:8      | Identified the cursed +1 great sword of Zairchur {elec,
                  | *Drain +Rage +Fly Dex+6} (You found it on level 6 of the
                  | Dungeon)
  9617 | D:9      | Noticed an orange crystal statue
  9786 | D:9      | Reached skill level 13 in Spellcasting
 10235 | D:9      | Found a snail-covered altar of Cheibriados.
 10424 | D:9      | You fall into a shaft and drop 1 floor!
 10424 | D:10     | Entered Level 10 of the Dungeon
 10993 | D:10     | Offered knowledge of Stone Arrow by Vehumet.
 11002 | D:10     | Learned a level 3 spell: Stone Arrow
 11065 | D:10     | Paralysed by a hornet for 2 turns
 11912 | D:10     | Noticed a two-headed ogre
 11916 | D:10     | Reached *** piety under Vehumet
 11917 | D:10     | Killed a two-headed ogre
 11917 | D:10     | Reached skill level 14 in Spellcasting
 12060 | D:10     | Reached XP level 11. HP: 53/61 MP: 16/31
 12508 | D:10     | Learned a level 1 spell: Apportation
 12757 | D:11     | Offered knowledge of Ignite Poison by Vehumet.
 12924 | D:11     | Noticed a two-headed ogre
 12938 | D:11     | Found a staircase to the Lair.
 13073 | D:11     | Noticed a two-headed ogre
 13078 | D:11     | Killed a two-headed ogre
 13091 | D:11     | Killed from afar by an orc priest

Illustrated notes

Levels and vault maps discovered:
D:1:      minmay_arrival_semitransparent, layout_rooms, minmay_misc_feat_five
D:2:      layout_rooms, first_ration, grunt_gozag_breadcrumbs
D:3:      layout_basic, okawaru_gym_becter, hellmonk_ghost_happy_afterlife,
          portal_sewer_entry_e, minmay_shallow_snake_nest
D:4:      layout_loops_ring, nicolae_ru_path_of_blood, uniq_crazy_yiuf_cottage,
          uniq_ijyb
D:5:      layout_basic, eat_drink_and_be_merry_uskayaw, old_standard_altar,
          amethyst_killhole, corexii_checkpoint_b, serial_bayou_pond_d,
          uniq_blork_the_orc
D:6:      layout_basic, led_sif_book, lemuel_zombie_altar_yredelemnul,
          lemuel_crystal_altar, temple_fountains
D:7:      layout_basic
D:8:      layout_loops_ring, lemuel_coloured_pillars_altar, grunt_pizzeria
D:9:      layout_loops_corners, cheibriados_altar_1, disabler_island
D:10:     layout_long_grid, kennysheep_generic_room_5
D:11:     minmay_chambers_of_sixes, layout_irregular_city, erik_lair_island
Temple:   minmay_temple_curvy_branch

Skill      XL: |  1  2  3  4  5  6  7  8  9 10 11 |
---------------+----------------------------------+-----
Spellcasting   | 5 6 7 8 10 12 14 | 14.8
Fighting       | 1 2 3 4 |  4.0
Conjurations   | 2 3 4 5 7 8 9 |  9.0
Armour         | 1 2 3 4 |  4.5
Poison Magic   | 1 |  1.0
Dodging        | 3 |  3.0
Air Magic      | 1 |  1.0
Stealth        | 3 |  3.4
Fire Magic     | 2 3 4 6 7 8 |  8.4
Evocations     | 1 2 |  2.0
Summonings     | |  1.1
Translocations | |  1.1

Action                   |  1- 3 |  4- 6 |  7- 9 | 10-12 || total
-------------------------+-------+-------+-------+-------++-------
Melee: Unarmed           |     1 |       |       |       ||     1
       Dagger            |       |    11 |    19 |     1 ||    31
       Great sword       |       |       |       |    22 ||    22
       Trident           |       |       |       |    11 ||    11
 Cast: Magic Dart        |    82 |   118 |    89 |    18 ||   307
       Mephitic Cloud    |       |     3 |    13 |    12 ||    28
       Call Imp          |       |     4 |     5 |     3 ||    12
       Conjure Flame     |       |     4 |    27 |    15 ||    46
       Blink             |       |       |     3 |     5 ||     8
       Shock             |       |       |   132 |    76 ||   208
       Foxfire           |       |       |    41 |    54 ||    95
       Fireball          |       |       |       |    34 ||    34
  Use: Scroll            |       |       |       |    19 ||    19
       Potion            |       |       |       |     1 ||     1
 Stab: Confused          |       |       |       |     3 ||     3
  Eat: Chunk             |     2 |     6 |     9 |    13 ||    30
       Ration            |       |       |     2 |       ||     2
Armor: Robe              |     3 |     2 |       |       ||     5
       Leather armour    |       |    20 |    23 |    14 ||    57
Dodge: Dodged            |    12 |    28 |    45 |    55 ||   140
Block: Other             |       |       |       |     4 ||     4
       Rpst.: Great sword |       |       |       |     9 ||     9
